ITL
RICHMOND FLAIRS @ TUSCALOOSA TROUT SLAYERS
05/08/2028
 
TOP OF THE 1ST
Richmond Flairs batting - Pitching for Tuscaloosa Trout Slayers : RHP Chris Chamberlain
Pitching: RHP Chris Chamberlain
Batting: RHB Javier Rentería 0-0: SINGLE (Line Drive, 8LM)
Batting: RHB Rafael Carreón 0-0: Ball
1-0: Called Strike
1-1: Ball
2-1: Ball
3-1: Foul Ball, location: 2F
3-2: Foul Ball, location: 2F
3-2: Foul Ball, location: 2F
3-2: Foul Ball, location: 2F
3-2: Strikes out swinging
Javier Rentería is caught stealing 2nd base
Batter strikes out.
Batting: LHB Roger Moore 0-0: Ball
1-0: Swinging Strike
1-1: Foul Ball, location: 2F
1-2: Strikes out looking
Top of the 1st over - 0 run(s), 1 hit(s), 0 error(s), 0 left on base; Richmond 0 - Tuscaloosa 0
BOTTOM OF THE 1ST
Tuscaloosa Trout Slayers batting - Pitching for Richmond Flairs : LHP Dave Smeddon
Pitching: LHP Dave Smeddon
Batting: RHB Pat Fullerton 0-0: Bunted foul
0-1: Foul Ball, location: 2F
0-2: Strikes out swinging
Batting: RHB José Fernández 0-0: Called Strike
0-1: Foul Ball, location: 2F
0-2: Ball
1-2: Ball
2-2: Ball
3-2: Ground out 5-3 (Groundball, 56S)
Batting: LHB Marcos Villarreal 0-0: Foul Ball, location: 2F
0-1: Ball
1-1: Foul Ball, location: 2F
1-2: Foul Ball, location: 2F
1-2: Foul Ball, location: 2F
1-2: SINGLE (Line Drive, 7S)
Batting: LHB Ed Hart 0-0: Foul Ball, location: 2F
0-1: Fielders Choice at 2nd, 5-4 (Groundball, 56)
Bottom of the 1st over - 0 run(s), 1 hit(s), 0 error(s), 0 left on base; Richmond 0 - Tuscaloosa 0
TOP OF THE 2ND
Richmond Flairs batting - Pitching for Tuscaloosa Trout Slayers : RHP Chris Chamberlain
Batting: LHB Sean Nicks 0-0: Called Strike
0-1: Ball
1-1: Swinging Strike
1-2: SINGLE (Groundball, 56D)
Batting: LHB R.J. Courtney 0-0: Grounds into double play, 4-6-3 (Groundball, 4)
Batting: RHB Gary Thomas 0-0: Ball
1-0: Fly out, F9 (Flyball, 9S)
Top of the 2nd over - 0 run(s), 1 hit(s), 0 error(s), 0 left on base; Richmond 0 - Tuscaloosa 0
BOTTOM OF THE 2ND
Tuscaloosa Trout Slayers batting - Pitching for Richmond Flairs : LHP Dave Smeddon
Batting: RHB Shigemasa Ishida 0-0: Foul Ball, location: 2F
0-1: Ball
1-1: Foul Ball, location: 2F
1-2: Ball
2-2: Ball
3-2: Ground out 4-3 (Groundball, 4)
Batting: RHB Alfredo Díaz 0-0: Called Strike
0-1: Hit by Pitch
Batting: RHB Claudio Gonzáles 0-0: Grounds into double play, 5-4-3 (Groundball, 5)
Bottom of the 2nd over - 0 run(s), 0 hit(s), 0 error(s), 0 left on base; Richmond 0 - Tuscaloosa 0
TOP OF THE 3RD
Richmond Flairs batting - Pitching for Tuscaloosa Trout Slayers : RHP Chris Chamberlain
Batting: LHB Roland Jones 0-0: Called Strike
0-1: Foul Ball, location: 2F
0-2: Ball
1-2: Foul Ball, location: 2F
1-2: Foul Ball, location: 2F
1-2: Foul Ball, location: 2F
1-2: SINGLE (Line Drive, 56D)
Batting: RHB Christian Hudson 0-0: Called Strike
0-1: Ball
1-1: Swinging Strike
1-2: Ball
2-2: 2-RUN HOME RUN (Flyball, 78XD), Distance : 378 ft
Batting: RHB Kyle Hollingsworth 0-0: SINGLE (Groundball, 56D)
Batting: RHB Javier Rentería 0-0: Ball
1-0: Ball
2-0: Ball
3-0: Called Strike
3-1: Foul Ball, location: 2F
3-2: Fly out, F9 (Flyball, 9)
Batting: RHB Rafael Carreón 0-0: Foul Ball, location: 2F
0-1: Ball
1-1: Swinging Strike
1-2: Foul Ball, location: 2F
1-2: Foul Ball, location: 2F
1-2: Fly out, F8 (Flyball, 8RXD)
Batting: LHB Roger Moore 0-0: Ball
1-0: Foul Ball, location: 2F
1-1: Ball
2-1: Ball
3-1: Fielders Choice at 2nd, U4 (Groundball, 4M)
Top of the 3rd over - 2 run(s), 3 hit(s), 0 error(s), 1 left on base; Richmond 2 - Tuscaloosa 0
BOTTOM OF THE 3RD
Tuscaloosa Trout Slayers batting - Pitching for Richmond Flairs : LHP Dave Smeddon
Batting: RHB Jason Saunders 0-0: Ball
1-0: Foul Ball, location: 2F
1-1: Swinging Strike
1-2: SOLO HOME RUN (Line Drive, 78XD), Distance : 388 ft
Batting: RHB Tetsunori Ito 0-0: Hit by Pitch
Batting: RHB Pat Fullerton 0-0: Called Strike
0-1: Foul Ball, location: 2F
0-2: Foul Ball, location: 2F
0-2: Ball
1-2: Ball
2-2: Ball
3-2: Fly out, F9 (Flyball, 9S)
Batting: RHB José Fernández 0-0: Called Strike
0-1: Foul Ball, location: 2F
0-2: Ball
1-2: Fly out, F7 (Flyball, 7D)
Batting: LHB Marcos Villarreal 0-0: Called Strike
0-1: Swinging Strike
0-2: Foul Ball, location: 2F
0-2: Foul Ball, location: 2F
0-2: SINGLE (Line Drive, 4MD)
Tetsunori Ito to second
Runner from 2nd tries for 3rd, SAFE, no throw
Batting: LHB Ed Hart 0-0: Called Strike
0-1: Ball
1-1: Fielders Choice at 2nd, 6-4 (Groundball, 6)
Bottom of the 3rd over - 1 run(s), 2 hit(s), 0 error(s), 1 left on base; Richmond 2 - Tuscaloosa 1
TOP OF THE 4TH
Richmond Flairs batting - Pitching for Tuscaloosa Trout Slayers : RHP Chris Chamberlain
Batting: LHB Sean Nicks 0-0: SOLO HOME RUN (Flyball, 9D), Distance : 400 ft
Batting: LHB R.J. Courtney 0-0: Called Strike
0-1: Ball
1-1: Foul Ball, location: 2F
1-2: Strikes out swinging
Batting: RHB Gary Thomas 0-0: Ball
1-0: Called Strike
1-1: Ball
2-1: Ball
3-1: Ground out 6-3 (Groundball, 56)
Batting: LHB Roland Jones 0-0: Foul Ball, location: 2F
0-1: Ball
1-1: DOUBLE (Flyball, 9LM)
Batting: RHB Christian Hudson 0-0: Foul Ball, location: 2F
0-1: Ball
1-1: Ball
2-1: SINGLE (Line Drive, 6MD)
Roland Jones to third
Runner from 3rd tries for Home, SAFE, no throw
Batting: RHB Kyle Hollingsworth 0-0: Foul Ball, location: 2F
0-1: Ball
Wild Pitch!
Christian Hudson to second
1-1: Ball
2-1: Foul Ball, location: 2F
2-2: Ball
3-2: Foul Ball, location: 2F
3-2: DOUBLE (Flyball, 78XD)
Christian Hudson scores
Batting: RHB Javier Rentería 0-0: Called Strike
0-1: Foul Ball, location: 2F
0-2: Ball
1-2: Fly out, F7 (Line Drive, 7S)
Top of the 4th over - 3 run(s), 4 hit(s), 0 error(s), 1 left on base; Richmond 5 - Tuscaloosa 1
BOTTOM OF THE 4TH
Tuscaloosa Trout Slayers batting - Pitching for Richmond Flairs : LHP Dave Smeddon
Batting: RHB Shigemasa Ishida 0-0: Called Strike
0-1: Foul Ball, location: 2F
0-2: Ball
1-2: Fly out, F9 (Flyball, 9S)
Batting: RHB Alfredo Díaz 0-0: Called Strike
0-1: Foul Ball, location: 2F
0-2: Ball
1-2: Strikes out looking
Batting: RHB Claudio Gonzáles 0-0: Ground out 5-3 (Groundball, 5)
Bottom of the 4th over - 0 run(s), 0 hit(s), 0 error(s), 0 left on base; Richmond 5 - Tuscaloosa 1
TOP OF THE 5TH
Richmond Flairs batting - Pitching for Tuscaloosa Trout Slayers : RHP Chris Chamberlain
Pitching: RHP Ronald Adams
Batting: RHB Rafael Carreón 0-0: Ball
1-0: Ball
2-0: Called Strike
2-1: Foul Ball, location: 2F
2-2: Ball
3-2: Fly out, F7 (Flyball, 7D)
Batting: LHB Roger Moore 0-0: Ball
1-0: Ball
2-0: Swinging Strike
2-1: Ball
3-1: Base on Balls
Batting: LHB Sean Nicks 0-0: Ball
1-0: Foul Ball, location: 2F
1-1: Fly out, F8 (Flyball, 8RS)
Batting: LHB R.J. Courtney 0-0: Ball
1-0: Called Strike
1-1: Ball
2-1: Ball
3-1: Fielders Choice at 2nd, 4-6 (Groundball, 4)
Top of the 5th over - 0 run(s), 0 hit(s), 0 error(s), 0 left on base; Richmond 5 - Tuscaloosa 1
BOTTOM OF THE 5TH
Tuscaloosa Trout Slayers batting - Pitching for Richmond Flairs : LHP Dave Smeddon
Batting: RHB Jason Saunders 0-0: Ball
1-0: Fly out, F9 (Flyball, 89M)
Batting: RHB Tetsunori Ito 0-0: Ball
1-0: Ball
2-0: Called Strike
2-1: Ball
3-1: Ground out 5-3 (Groundball, 56S)
Batting: RHB Pat Fullerton 0-0: Ball
1-0: Foul Ball, location: 2F
1-1: Foul Ball, location: 2F
1-2: Ball
2-2: Foul Ball, location: 2F
2-2: Strikes out swinging
Bottom of the 5th over - 0 run(s), 0 hit(s), 0 error(s), 0 left on base; Richmond 5 - Tuscaloosa 1
TOP OF THE 6TH
Richmond Flairs batting - Pitching for Tuscaloosa Trout Slayers : RHP Ronald Adams
Batting: RHB Gary Thomas 0-0: Called Strike
0-1: Ball
1-1: Ball
2-1: Fly out, F8 (Flyball, 8RS)
Batting: LHB Roland Jones 0-0: Called Strike
0-1: Ball
1-1: Swinging Strike
1-2: Strikes out looking
Batting: RHB Christian Hudson 0-0: Ball
1-0: Ball
2-0: Called Strike
2-1: Fly out, F9 (Flyball, 89S)
Top of the 6th over - 0 run(s), 0 hit(s), 0 error(s), 0 left on base; Richmond 5 - Tuscaloosa 1
BOTTOM OF THE 6TH
Tuscaloosa Trout Slayers batting - Pitching for Richmond Flairs : LHP Dave Smeddon
Batting: RHB José Fernández 0-0: Called Strike
0-1: Ball
1-1: Foul Ball, location: 2F
1-2: Strikes out looking
Batting: LHB Marcos Villarreal 0-0: Foul Ball, location: 2F
0-1: Called Strike
0-2: SINGLE (Line Drive, 4MD)
Batting: LHB Ed Hart 0-0: Foul Ball, location: 2F
0-1: Ball
1-1: Ball
2-1: Ball
3-1: Called Strike
3-2: Foul Ball, location: 2F
3-2: Foul Ball, location: 2F
3-2: Fielders Choice at 2nd, 3-6 (Groundball, 34)
Batting: RHB Shigemasa Ishida 0-0: Ball
1-0: Fly out, F6 (Line Drive, 6)
Bottom of the 6th over - 0 run(s), 1 hit(s), 0 error(s), 1 left on base; Richmond 5 - Tuscaloosa 1
TOP OF THE 7TH
Richmond Flairs batting - Pitching for Tuscaloosa Trout Slayers : RHP Ronald Adams
Batting: RHB Kyle Hollingsworth 0-0: Ball
1-0: Swinging Strike
1-1: Called Strike
1-2: Foul Ball, location: 2F
1-2: Ball
2-2: SINGLE (Line Drive, 89M)
Batting: RHB Javier Rentería 0-0: Ball
1-0: Sac Bunt - play at first, batter OUT! U3
Kyle Hollingsworth to second
Batting: RHB Rafael Carreón 0-0: Ball
1-0: Ball
2-0: Ball
3-0: Called Strike
3-1: Foul Ball, location: 2F
3-2: Base on Balls
Batting: LHB Roger Moore 0-0: Ball
1-0: Fly out, F8 (Flyball, 8LD)
Runner from 2nd tags up, SAFE at 3rd, no throw
Batting: LHB Sean Nicks 0-0: Ball
1-0: SINGLE (Groundball, 4D)
Kyle Hollingsworth scores
Rafael Carreón to second
Batting: LHB R.J. Courtney 0-0: Foul Ball, location: 2F
0-1: Fly out, F9 (Flyball, 89M)
Top of the 7th over - 1 run(s), 2 hit(s), 0 error(s), 2 left on base; Richmond 6 - Tuscaloosa 1
BOTTOM OF THE 7TH
Tuscaloosa Trout Slayers batting - Pitching for Richmond Flairs : LHP Dave Smeddon
Batting: RHB Alfredo Díaz 0-0: Called Strike
0-1: Ball
1-1: TRIPLE (Flyball, 9LD)
Batting: RHB Claudio Gonzáles 0-0: Swinging Strike
0-1: Foul Ball, location: 2F
0-2: Foul Ball, location: 2F
0-2: Ball
1-2: Ball
2-2: Foul Ball, location: 2F
2-2: Foul Ball, location: 2F
2-2: Foul Ball, location: 2F
2-2: Foul Ball, location: 2F
2-2: Ball
3-2: Foul Ball, location: 2F
3-2: Ground out 6-3 (Groundball, 6)
Alfredo Díaz scores
Pitching: RHP Hyeong-uk Yi
Batting: RHB Jason Saunders 0-0: SINGLE (Line Drive, 4D)
Batting: RHB Tetsunori Ito 0-0: Ball
1-0: Called Strike
1-1: Swinging Strike
1-2: Ball
Wild Pitch!
Jason Saunders to second
2-2: Strikes out swinging
Batting: RHB Pat Fullerton 0-0: Ball
1-0: Ball
2-0: SINGLE (Line Drive, 4M)
Jason Saunders to third
Batting: RHB José Fernández 0-0: SINGLE (Groundball, 56D)
Jason Saunders scores
Pat Fullerton to second
Batting: LHB Marcos Villarreal 0-0: Called Strike
0-1: Ball
1-1: Called Strike
1-2: Ball
2-2: Ball
3-2: Base on Balls
Pat Fullerton to third
José Fernández to second
Batting: LHB Ed Hart 0-0: Ball
1-0: Called Strike
1-1: Foul Ball, location: 2F
1-2: SINGLE (Line Drive, 4M)
Pat Fullerton scores
José Fernández to third
Marcos Villarreal to second
Pitching: LHP Enrico Lozano
Batting: RHB Shigemasa Ishida 0-0: SINGLE (Line Drive, 56D)
José Fernández scores
Marcos Villarreal to third
Ed Hart to second
Runner from 3rd tries for Home, SAFE, throw made at trailing runner, OUT at third!
Bottom of the 7th over - 5 run(s), 6 hit(s), 0 error(s), 1 left on base; Richmond 6 - Tuscaloosa 6
TOP OF THE 8TH
Richmond Flairs batting - Pitching for Tuscaloosa Trout Slayers : RHP Ronald Adams
Pinch Hitting: RHB Elliott Johnston 0-0: Called Strike
0-1: Called Strike
0-2: Foul Ball, location: 2F
0-2: Ball
1-2: Foul Ball, location: 2F
1-2: Strikes out swinging
Pitching: LHP Dave Blackwell
Batting: LHB Roland Jones 0-0: Ball
1-0: Foul Ball, location: 2F
1-1: Ball
2-1: Swinging Strike
2-2: Foul Ball, location: 2F
2-2: Strikes out swinging
Pitching: RHP Matt McGinnity
Pinch Hitting: RHB R.J. Crosby 0-0: Called Strike
0-1: Ground out 6-3 (Groundball, 6)
Top of the 8th over - 0 run(s), 0 hit(s), 0 error(s), 0 left on base; Richmond 6 - Tuscaloosa 6
BOTTOM OF THE 8TH
Tuscaloosa Trout Slayers batting - Pitching for Richmond Flairs : LHP Enrico Lozano
Now at 3B: Adrián Miranda
Now at SS: Maresuke Yoshida
Batting: RHB Alfredo Díaz 0-0: Foul Ball, location: 2F
0-1: Ball
1-1: Foul Ball, location: 2F
1-2: Foul Ball, location: 2F
1-2: Ball
2-2: Ground out 6-3 (Groundball, 6)
Batting: RHB Claudio Gonzáles 0-0: Ball
1-0: Called Strike
1-1: Ground out 5-3 (Groundball, 56)
Batting: RHB Jason Saunders 0-0: Called Strike
0-1: Ball
1-1: Swinging Strike
1-2: Fly out, F7 (Flyball, 78M)
Bottom of the 8th over - 0 run(s), 0 hit(s), 0 error(s), 0 left on base; Richmond 6 - Tuscaloosa 6
TOP OF THE 9TH
Richmond Flairs batting - Pitching for Tuscaloosa Trout Slayers : RHP Matt McGinnity
Pitching: RHP John Charles
Pinch Hitting: SHB António Enríquez 0-0: Called Strike
0-1: Foul Ball, location: 2F
0-2: Fly out, F9 (Line Drive, 9LD)
Batting: RHB Javier Rentería 0-0: Called Strike
0-1: Called Strike
0-2: Ball
1-2: Ground out 6-3 (Groundball, 6)
Batting: RHB Rafael Carreón 0-0: Ball
1-0: Ball
2-0: Foul Ball, location: 2F
2-1: SINGLE (Groundball, 56D)
Batting: LHB Roger Moore 0-0: Ball
1-0: Ground out U3 (Groundball, 3)
Top of the 9th over - 0 run(s), 1 hit(s), 0 error(s), 1 left on base; Richmond 6 - Tuscaloosa 6
BOTTOM OF THE 9TH
Tuscaloosa Trout Slayers batting - Pitching for Richmond Flairs : LHP Enrico Lozano
Now at 2B: Jack Ray
Pinch Hitting: RHB Jason Erickson 0-0: Called Strike
0-1: Foul Ball, location: 2F
0-2: Foul Ball, location: 2F
0-2: Ground out 6-3 (Groundball, 6)
Batting: RHB Pat Fullerton 0-0: Ball
1-0: Called Strike
1-1: Ball
2-1: Ball
3-1: Called Strike
3-2: Strikes out looking
Batting: RHB José Fernández 0-0: Ball
1-0: Ball
2-0: Foul Ball, location: 2F
2-1: DOUBLE (Line Drive, 7LS)
Pinch Hitting: RHB César Reyes 0-0: SINGLE (Groundball, 56D)
José Fernández to third
Runner from 3rd tries for Home, SAFE, no throw
Tuesday, August 8th, 2017 - OOTP Baseball 17.12 Build 75